[Event "Titled Tuesday Blitz November 15 Late 2022"]
[White "Jones, Gawain C B"]
[Black "Makridis, Dimitrios"]
[WhiteFideId "409561"]
[BlackFideId "25864475"]
[WhiteElo "2657"]
[BlackElo "2272"]
[Result "1-0"]
[Round "07"]
[TimeControl "180+1"]
[Date "2022.11.15"]
[WhiteClock "0:00:14"]
[BlackClock "0:00:07"]

1. e4 c5 2. c3 Nf6 3. e5 Nd5 4. Bc4 e6 5. Nf3 Nc6 6. d4 cxd4 7. cxd4 d6 8. O-O Be7 9. Nc3 Nxc3 10. bxc3 dxe5 11. dxe5 Qxd1 12. Rxd1 Bd7 13. Rb1 b6 14. Bb5 Rc8 15. Be3 Nb8 16. Nd4 Bxb5 17. Nxb5 Nc6 18. f4 h6 19. c4 g5 20. fxg5 hxg5 21. Nd6+ Bxd6 22. exd6 Kd7 23. Bxg5 f5 24. c5 Rb8 25. Be3 b5 26. Rd2 Rh4 27. g3 Rc4 28. Rdb2 a6 29. Rc1 Rxc1+ 30. Bxc1 Rg8 31. Rf2 Ne5 32. Re2 Nd3 33. Rc2 Nb4 34. Rd2 Rg4 35. Bb2 Rc4 36. Rd4 Nxa2 37. Rxc4 bxc4 38. h4 c3 39. Ba3 Nb4 40. Bxb4 c2 41. Ba3 1-0


[Site "https://www.chess.com"]

[Event "Titled Tuesday Blitz November 15 Late 2022"]
[White "Kaplan, Avi Harrison"]
[Black "Gardezi, Arsal"]
[WhiteFideId "30934559"]
[BlackFideId "30949521"]
[WhiteElo "1983"]
[BlackElo "1906"]
[Result "1-0"]
[Round "07"]
[TimeControl "180+1"]
[Date "2022.11.16"]
[WhiteClock "0:00:05"]
[BlackClock "0:00:50"]

1. d4 d5 2. c4 e6 3. Nc3 Nf6 4. cxd5 exd5 5. Bg5 Be7 6. e3 O-O 7. Bd3 Bg4 8. f3 Bh5 9. Nge2 c6 10. O-O Bg6 11. Bxg6 hxg6 12. e4 dxe4 13. fxe4 Nxe4 14. Bxe7 Qxe7 15. Nxe4 Qxe4 16. Nc3 Qe3+ 17. Kh1 Nd7 18. Qb3 Nf6 19. Qxb7 Ng4 20. h3 Rab8 21. Qxc6 Nf2+ 22. Kh2 Rxb2 23. Nd5 Qe4 24. Rxf2 Qxd4 25. Ne7+ Kh7 26. Rxb2 Qxb2 27. Re1 Qd2 28. Qc1 Qd6+ 29. Kh1 Qg3 30. Qe3 Qh4 31. Nd5 Rd8 32. Nf4 Rd6 33. Rg1 g5 34. Ne2 Re6 35. Qd3+ g6 36. Nd4 Rd6 37. Rf1 Rxd4 38. Rxf7+ Kg8 39. Qxg6+ Kh8 40. Qg7# 1-0


[Site "https://www.chess.com"]

[Event "Titled Tuesday Blitz November 15 Late 2022"]
[White "Karas, Marek"]
[Black "Tanenbaum, Zachary"]
[WhiteFideId "14928558"]
[BlackFideId "2060850"]
[WhiteElo "2220"]
[BlackElo "2175"]
[Result "0-1"]
[Round "07"]
[TimeControl "180+1"]
[Date "2022.11.16"]
[WhiteClock "0:00:02"]
[BlackClock "0:00:14"]

1. d4 d5 2. c4 dxc4 3. Nf3 Nf6 4. e3 Bg4 5. Bxc4 e6 6. h3 Bh5 7. Nbd2 Nbd7 8. b3 c5 9. dxc5 Nxc5 10. O-O Be7 11. Bb2 O-O 12. Be2 Bg6 13. Ne5 Nd5 14. Nxg6 hxg6 15. Nc4 Bf6 16. Bd4 Ne4 17. Bf3 Ndc3 18. Bxc3 Nxc3 19. Qc2 Qe7 20. e4 Bd4 21. Rae1 b5 22. Nd2 Rac8 23. Nb1 Qg5 24. Nxc3 Rxc3 25. Qe2 Rfc8 26. Rd1 Rc2 27. Qd3 Bb6 28. a4 R8c3 29. Qxb5 e5 30. Rd3 Rc8 31. a5 Bd4 32. Qd7 Rd8 33. Qb5 Rdc8 34. Rxd4 R2c5 0-1


[Site "https://www.chess.com"]

[Event "Titled Tuesday Blitz November 15 Late 2022"]
[White "Kaufman, Raymond"]
[Black "Ardila, Oscar Humberto"]
[WhiteFideId "2015056"]
[BlackFideId "4404742"]
[WhiteElo "2321"]
[BlackElo "1959"]
[Result "1-0"]
[Round "07"]
[TimeControl "180+1"]
[Date "2022.11.16"]
[WhiteClock "0:01:18"]
[BlackClock "0:00:05"]

1. e4 e5 2. Nf3 Nf6 3. Nxe5 d6 4. Nf3 Nxe4 5. Bd3 Nf6 6. O-O Be7 7. c3 O-O 8. h3 Nbd7 9. Bc2 Ne5 10. d4 Ng6 11. Re1 Re8 12. Nbd2 Bd7 13. Nf1 Bc6 14. Ng3 Bf8 15. Nf5 Rxe1+ 16. Qxe1 Qe8 17. Bg5 Qxe1+ 18. Rxe1 Nd5 19. g3 Nxc3 20. bxc3 Bxf3 21. h4 h6 22. Bc1 Bg4 23. Ne3 Be6 24. h5 Ne7 25. c4 Re8 26. d5 Bd7 27. Bd2 Nc8 28. Rb1 Nb6 29. a4 Bxa4 30. Bxa4 Nxa4 31. Rxb7 Ra8 32. Ba5 Be7 33. Nf5 Bd8 34. Kg2 Nb6 35. Bxb6 axb6 36. Nd4 Bf6 37. Nb5 Bd8 38. Nxc7 Bxc7 39. Rxc7 Ra4 40. Rc6 Rb4 41. Rxd6 Rxc4 42. Rxb6 Rd4 43. d6 f5 44. Kf3 Kf7 45. Rb7+ Kf6 46. d7 Rd6 47. Rb6 Rxb6 48. d8=Q+ 1-0


[Site "https://www.chess.com"]

[Event "Titled Tuesday Blitz November 15 Late 2022"]
[White "Kleiman, Jake"]
[Black "Rangel, Daniel"]
[WhiteFideId "2020041"]
[BlackFideId "2124475"]
[WhiteElo "2607"]
[BlackElo "2225"]
[Result "1-0"]
[Round "07"]
[TimeControl "180+1"]
[Date "2022.11.16"]
[WhiteClock "0:00:35"]
[BlackClock "0:00:06"]

1. d4 Nf6 2. Nf3 d5 3. Bf4 g6 4. e3 Bg7 5. Be2 O-O 6. h3 b6 7. a4 Bb7 8. a5 c5 9. a6 Bc8 10. O-O c4 11. b3 Bxa6 12. Bxb8 cxb3 13. Rxa6 bxc2 14. Qxc2 Qxb8 15. Nbd2 Rc8 16. Qa2 e6 17. Ra1 Rc7 18. Ne5 Ne8 19. Bb5 Bxe5 20. dxe5 Ng7 21. Nf3 Nf5 22. Nd4 Rc5 23. Nxf5 gxf5 24. Bf1 Qxe5 25. Rxa7 Rxa7 26. Qxa7 Rc2 27. Qa3 Rb2 28. Rc1 Kg7 29. Qc3 Qxc3 30. Rxc3 b5 31. Rc7 b4 32. Rb7 b3 33. f4 Rb1 34. Kf2 b2 35. Be2 Kf6 36. Bh5 e5 37. Rb6+ Ke7 38. fxe5 f4 39. exf4 d4 40. f5 d3 41. Rb7+ Kd8 42. e6 fxe6 43. fxe6 d2 44. e7+ Kc8 45. e8=Q+ Kxb7 46. Qe4+ Ka7 47. Qxb1 d1=Q 48. Bxd1 Kb6 49. Qxb2+ Ka5 50. Qb3 h5 51. Ke3 h4 52. Kd4 Ka6 53. Kc5 Ka7 54. Kc6 Ka8 55. Be2 Ka7 56. Bf1 Ka8 57. Qb7# 1-0


[Site "https://www.chess.com"]

[Event "Titled Tuesday Blitz November 15 Late 2022"]
[White "Klenburg, Michael"]
[Black "Sargsyan, Anna M."]
[WhiteFideId "14102072"]
[BlackFideId "13308130"]
[WhiteElo "2405"]
[BlackElo "2284"]
[Result "1-0"]
[Round "07"]
[TimeControl "180+1"]
[Date "2022.11.16"]
[WhiteClock "0:00:21"]
[BlackClock "0:00:09"]

1. e4 c6 2. d3 d5 3. Nd2 g6 4. Ngf3 Bg7 5. g3 Bg4 6. h3 Bxf3 7. Qxf3 e6 8. Qe2 Ne7 9. Bg2 O-O 10. O-O Nd7 11. Nf3 Qb6 12. c3 Rad8 13. Re1 Rfe8 14. e5 c5 15. h4 Nc6 16. Bf4 h5 17. a3 d4 18. c4 Rc8 19. Bh3 a5 20. g4 hxg4 21. Bxg4 Qa6 22. a4 Ne7 23. h5 gxh5 24. Bxh5 Nf5 25. Bg4 Nh6 26. Bh3 Nf8 27. Kh2 Ng6 28. Bg5 Kh7 29. Rg1 Qc6 30. Rg3 Nf5 31. Rg4 Qc7 32. Re1 Rh8 33. Kg1 Kg8 34. Bg2 Kf8 35. Qe4 Ke8 36. Bf6 Bxf6 37. exf6 Rh6 38. Qxf5 Kd7 39. Qg5 Rch8 40. Ne5+ Nxe5 41. Qxe5 Qb6 42. Rg7 Rf8 43. Bd5 Kc8 44. Bg2 Kd8 45. Qb8+ 1-0


[Site "https://www.chess.com"]

[Event "Titled Tuesday Blitz November 15 Late 2022"]
[White "Kobo, Ori"]
[Black "Golubev, Mikhail"]
[WhiteFideId "2812320"]
[BlackFideId "14100983"]
[WhiteElo "2447"]
[BlackElo "2374"]
[Result "0-1"]
[Round "07"]
[TimeControl "180+1"]
[Date "2022.11.16"]
[WhiteClock "0:00:01"]
[BlackClock "0:00:14"]

1. e4 c5 2. Nc3 d6 3. Bb5+ Nd7 4. d4 cxd4 5. Qxd4 Nf6 6. Nge2 g6 7. Be3 Bg7 8. Qd2 O-O 9. O-O a6 10. Bxd7 Bxd7 11. Bh6 Bxh6 12. Qxh6 Rc8 13. Qe3 b5 14. a3 Qc7 15. Rfd1 Qc5 16. Qxc5 Rxc5 17. f3 Rfc8 18. Nd4 Kf8 19. Rd2 R5c7 20. Nb3 Be6 21. Na5 Nd7 22. Rc1 Nb6 23. Nd1 Na4 24. c3 f5 25. exf5 gxf5 26. Kf2 Kf7 27. g3 Kf6 28. Ke1 Bf7 29. f4 h5 30. Nf2 h4 31. Ke2 hxg3 32. hxg3 Rg8 33. Rg1 Bh5+ 34. Ke3 Nc5 35. Nd3 Ne4 36. Rdg2 e5 37. Nb3 Rcg7 38. fxe5+ dxe5 39. Ndc5 Nxg3 40. Kf2 f4 41. Rh2 e4 42. Rxh5 e3+ 43. Kf3 Nxh5 0-1


[Site "https://www.chess.com"]

[Event "Titled Tuesday Blitz November 15 Late 2022"]
[White "Kollars, Dmitrij"]
[Black "Mikaelyan, Arman"]
[WhiteFideId "12909572"]
[BlackFideId "13304852"]
[WhiteElo "2584"]
[BlackElo "2456"]
[Result "0-1"]
[Round "07"]
[TimeControl "180+1"]
[Date "2022.11.15"]
[WhiteClock "0:00:02"]
[BlackClock "0:00:08"]

1. c4 c6 2. d4 d5 3. Nf3 Nf6 4. Nc3 e6 5. e3 Nbd7 6. Bd3 dxc4 7. Bxc4 Bd6 8. e4 b5 9. Bd3 e5 10. Bg5 h6 11. Bh4 exd4 12. Nxd4 Ne5 13. Bc2 Bc5 14. Nb3 Qxd1+ 15. Rxd1 Bb6 16. a4 b4 17. Ne2 Nc4 18. a5 Nxa5 19. Nxa5 Bxa5 20. Ba4 O-O 21. Bxc6 Rb8 22. O-O Rb6 23. Nd4 Ba6 24. Rfe1 b3 25. Re3 Ng4 26. Rxb3 Ne5 27. Bd5 Rc8 28. Ra3 Bd2 29. Rxa6 Rxa6 30. Bb7 Rd6 31. Nb5 Rcc6 32. Nxd6 Rxd6 33. Kf1 Rb6 34. Rxd2 Rxb7 35. Rc2 Nd3 36. Ke2 Nxb2 37. f3 Na4 38. Bf2 f6 39. Bd4 Kh7 40. Ra2 Nb6 41. Ra6 Nc8 42. Kd3 Rc7 43. Ra4 Rd7 44. Ra6 Ne7 45. Ke3 Nc8 46. h4 h5 47. Ra5 Kh6 48. g4 hxg4 49. fxg4 Kh7 50. g5 Kg8 51. gxf6 gxf6 52. Bxf6 Nb6 53. Bd4 Nc4+ 54. Kd3 Nxa5 55. Kc3 Nc6 56. Bc5 Ne5 57. Bd4 Nf3 58. Be3 Nxh4 59. Kc4 Ng6 60. Bd4 Ne7 61. Kc5 Kf7 62. Bb2 Ke6 63. Kb5 Rd2 64. Bc3 Rc2 65. Bd4 Rd2 66. Bxa7 Re2 67. Bc5 Rxe4 68. Ba3 Kd5 69. Bb4 Nc6 70. Bc5 Re1 71. Bf8 Rb1+ 72. Ka6 Kc4 73. Bd6 Kd5 74. Bf8 Ke6 75. Bc5 Kd7 76. Bf8 Re1 77. Bg7 Kc7 78. Kb5 Rg1 79. Bf6 Rg4 80. Kc5 Rf4 81. Bg7 Rf5+ 82. Kc4 Kd6 83. Bb2 Rf4+ 84. Kd3 Kd5 85. Ke3 Rb4 86. Bg7 Ra4 87. Kf3 Ne5+ 88. Ke3 Ra3+ 89. Kf4 Rf3+ 90. Kg5 Ke6 91. Kh5 Rf1 0-1


[Site "https://www.chess.com"]

[Event "Titled Tuesday Blitz November 15 Late 2022"]
[White "Kujawski, Adam"]
[Black "Andronescu, Madalin"]
[WhiteFideId "1100920"]
[BlackFideId "1217275"]
[WhiteElo "2053"]
[BlackElo "1946"]
[Result "1-0"]
[Round "07"]
[TimeControl "180+1"]
[Date "2022.11.16"]
[WhiteClock "0:02:17"]
[BlackClock "0:01:08"]

1. e4 c5 2. Nf3 d6 3. d4 cxd4 4. Nxd4 Nf6 5. Nc3 a6 6. Bg5 e6 7. f4 Be7 8. Qf3 Nbd7 9. O-O-O Qc7 10. Bd3 b5 11. Rhe1 Bb7 12. Qg3 O-O-O 13. e5 dxe5 14. fxe5 Nh5 15. Qh4 Bxg5+ 16. Qxg5 g6 17. Bxb5 axb5 18. Ndxb5 Qa5 19. Nd6+ Kb8 20. Nxf7 Ndf6 21. Nxd8 Ne4 1-0


[Site "https://www.chess.com"]

[Event "Titled Tuesday Blitz November 15 Late 2022"]
[White "Kuzmicz, Krystian"]
[Black "Kamsky, Gata"]
[WhiteFideId "1119125"]
[BlackFideId "2000024"]
[WhiteElo "2380"]
[BlackElo "2666"]
[Result "0-1"]
[Round "07"]
[TimeControl "180+1"]
[Date "2022.11.15"]
[WhiteClock "0:01:05"]
[BlackClock "0:01:21"]

1. e4 e5 2. Bc4 Nc6 3. Qf3 Nf6 4. Ne2 Bc5 5. Nbc3 d6 6. d3 h6 7. h3 Be6 8. Be3 Bb6 9. O-O-O Qd7 10. Bxe6 fxe6 11. d4 O-O 12. Qg3 Qf7 13. dxe5 Nxe5 14. Bxb6 axb6 15. f4 Nh5 16. Qe3 Nxf4 17. Kb1 Nxe2 18. Qxe2 Qf2 19. Qb5 c6 20. Qb3 d5 21. exd5 exd5 22. Rhe1 Nc4 23. Re2 Qc5 24. Rde1 b5 25. Nd1 b4 26. Re7 Nd2+ 0-1


[Site "https://www.chess.com"]

[Event "Titled Tuesday Blitz November 15 Late 2022"]
[White "Leiva, Gianmarco"]
[Black "Gurevich, Dmitry"]
[WhiteFideId "3804399"]
[BlackFideId "2000407"]
[WhiteElo "2286"]
[BlackElo "2506"]
[Result "0-1"]
[Round "07"]
[TimeControl "180+1"]
[Date "2022.11.16"]
[WhiteClock "0:00:51"]
[BlackClock "0:00:08"]

1. e4 c5 2. Nf3 d6 3. Bb5+ Bd7 4. Bxd7+ Qxd7 5. O-O Nc6 6. c4 Nf6 7. Nc3 e6 8. d4 cxd4 9. Nxd4 Be7 10. f3 O-O 11. Be3 Rfd8 12. Qe2 Nxd4 13. Bxd4 b6 14. Rfd1 Qb7 15. Rd2 Rac8 16. Rad1 Qc6 17. b3 a6 18. a4 Rb8 19. Bf2 h6 20. g4 Nd7 21. Bg3 Nc5 22. Rb1 Bf6 23. Nd1 b5 24. cxb5 axb5 25. a5 b4 26. Ne3 Ra8 27. Nc4 d5 28. exd5 exd5 29. Ne3 Ne6 30. Rbd1 d4 31. Nc4 Nc5 32. Rb1 d3 33. Qf1 Bc3 34. Rdd1 Nxb3 35. Rxd3 Rxd3 36. Qxd3 Nc5 37. Qd6 Qxf3 38. Qxc5 Qd3 39. Qf5 Qxc4 40. Bf2 b3 41. Bb6 b2 42. Qf2 Qxg4+ 43. Kf1 Bxa5 44. Bxa5 Rxa5 45. Rxb2 Ra1+ 46. Qe1 Rxe1+ 0-1


[Site "https://www.chess.com"]

[Event "Titled Tuesday Blitz November 15 Late 2022"]
[White "Marcolino, Daniel Mattos"]
[Black "Sanchez, Robert"]
[WhiteFideId "2106841"]
[BlackFideId "2034360"]
[WhiteElo "2088"]
[BlackElo "2317"]
[Result "0-1"]
[Round "07"]
[TimeControl "180+1"]
[Date "2022.11.16"]
[WhiteClock "0:01:02"]
[BlackClock "0:01:47"]

1. d4 Nf6 2. Nf3 e6 3. g3 b6 4. Bg2 Bb7 5. O-O d5 6. c4 c6 7. Ne5 Be7 8. Nc3 O-O 9. Bg5 Nbd7 10. Nxd7 Qxd7 11. cxd5 cxd5 12. Rc1 h6 13. Bxf6 Bxf6 14. e3 Rfc8 15. Qb3 Ba6 16. Rfd1 Bc4 17. Qa3 Be7 18. Qa4 Qxa4 19. Nxa4 Bxa2 20. Nc3 Bb3 21. Re1 Bb4 22. Bf1 a5 23. Bb5 a4 24. Ra1 a3 0-1


[Site "https://www.chess.com"]

[Event "Titled Tuesday Blitz November 15 Late 2022"]
[White "Martinez Reyes, Pedro Ramon"]
[Black "Sonnenschein, Philipp"]
[WhiteFideId "3901807"]
[BlackFideId "16250877"]
[WhiteElo "2354"]
[BlackElo "2225"]
[Result "1-0"]
[Round "07"]
[TimeControl "180+1"]
[Date "2022.11.16"]
[WhiteClock "0:01:40"]
[BlackClock "0:01:36"]

1. d3 Nf6 2. Nd2 d5 3. e4 e5 4. exd5 Nxd5 5. Ngf3 Nc6 6. Nc4 f6 7. g3 Bc5 8. Bg2 Be6 9. c3 Nde7 10. O-O O-O 11. b4 Bb6 12. a4 a5 13. Nxb6 cxb6 14. b5 Nb8 15. Ba3 Nd7 16. Re1 Nc5 17. d4 Bb3 18. Qb1 e4 19. dxc5 exf3 20. Qxb3+ Kh8 21. Bxf3 1-0


[Site "https://www.chess.com"]

[Event "Titled Tuesday Blitz November 15 Late 2022"]
[White "Melkumyan, Hrant"]
[Black "Gubajdullin, Alexei"]
[WhiteFideId "13302485"]
[BlackFideId "4141202"]
[WhiteElo "2604"]
[BlackElo "2230"]
[Result "0-1"]
[Round "07"]
[TimeControl "180+1"]
[Date "2022.11.15"]
[WhiteClock "0:00:22"]
[BlackClock "0:00:31"]

1. d4 Nf6 2. c4 g6 3. Nc3 Bg7 4. e4 O-O 5. Be2 d6 6. h4 Na6 7. h5 c5 8. d5 e6 9. Bg5 h6 10. Be3 g5 11. Qd2 exd5 12. exd5 Re8 13. f3 Nb4 14. Rc1 Bf5 15. Kf2 Rxe3 16. Qxe3 Nfxd5 17. Nxd5 Bd4 18. Qxd4 cxd4 19. Nxb4 Qa5 20. a3 d3 21. Bxd3 Bxd3 22. Nxd3 Qd2+ 23. Ne2 Qxd3 24. Rhd1 Qb3 25. Rd2 Re8 26. Nc3 Qxc4 27. Kg1 Re6 28. Rcd1 g4 29. Ne4 gxf3 30. gxf3 Kf8 31. Nxd6 Qc5+ 32. Kf1 Qxh5 33. Ne4 Qxf3+ 34. Nf2 h5 35. Rd3 Qe2+ 36. Kg2 Rg6+ 37. Rg3 Rxg3+ 38. Kxg3 h4+ 39. Kg2 h3+ 40. Kg3 Qe3+ 0-1


[Site "https://www.chess.com"]

[Event "Titled Tuesday Blitz November 15 Late 2022"]
[White "Mgeladze, Tamaz"]
[Black "Avila Rodriguez, Joshua Ad"]
[WhiteFideId "13601202"]
[BlackFideId "5126444"]
[WhiteElo "2727"]
[BlackElo "2448"]
[Result "1-0"]
[Round "07"]
[TimeControl "180+1"]
[Date "2022.11.16"]
[WhiteClock "0:00:34"]
[BlackClock "0:00:03"]

1. c4 e6 2. Nf3 Nf6 3. g3 d5 4. Bg2 c5 5. O-O Nc6 6. cxd5 exd5 7. d4 Be7 8. Nc3 O-O 9. dxc5 d4 10. Na4 h6 11. Bd2 Be6 12. b4 Rc8 13. Ne1 Nd5 14. Nd3 b5 15. cxb6 axb6 16. a3 Bf6 17. Rc1 Na7 18. Rxc8 Nxc8 19. Nf4 Nxf4 20. Bxf4 Nd6 21. Nb2 b5 22. Nd3 Nc4 23. Nc5 Nxa3 24. Nxe6 fxe6 25. Qd3 Nc4 26. Ra1 e5 27. Bc1 Qb6 28. Qg6 Bd8 29. Bd5+ Kh8 30. Qxb6 Nxb6 31. Bc6 Be7 32. Bd2 Nc4 33. Be1 Rb8 34. Ra7 Bf8 35. Kg2 Nd6 36. Ra5 Nc4 37. Rxb5 Rc8 38. Bd5 Nd6 39. Rb6 Rd8 40. Bc6 Nc8 41. Rb7 Ne7 42. b5 Nxc6 43. bxc6 Rc8 44. c7 Bd6 45. Ba5 Bxc7 46. Rxc7 Re8 47. Bb6 Kh7 48. Rd7 Re6 49. Bc7 Kg6 50. Rd6 Kf5 51. Rxe6 Kxe6 52. f3 Kd5 53. h4 g6 54. g4 h5 55. gxh5 gxh5 56. Kf2 Ke6 57. Ke1 Kf5 58. Kd2 Kf4 59. Kd3 Kf5 60. Kc4 Kf4 61. Kd5 d3 62. Bxe5+ Ke3 63. exd3 Kxf3 64. d4 Ke3 65. Ke6 1-0


[Site "https://www.chess.com"]

[Event "Titled Tuesday Blitz November 15 Late 2022"]
[White "Milchev, Nikolay"]
[Black "Bashirli, Nail"]
[WhiteFideId "2906090"]
[BlackFideId "13406809"]
[WhiteElo "2542"]
[BlackElo "2771"]
[Result "1/2-1/2"]
[Round "07"]
[TimeControl "180+1"]
[Date "2022.11.16"]
[WhiteClock "0:00:16"]
[BlackClock "0:00:08"]

1. Nf3 d5 2. c4 dxc4 3. Na3 Nc6 4. Nxc4 g6 5. d4 Bg7 6. h3 Nf6 7. e3 O-O 8. Be2 b6 9. O-O Bb7 10. b3 Ne4 11. Bb2 Nb4 12. a3 Nd5 13. Qc2 f5 14. Rfd1 Rc8 15. Rac1 e6 16. Nce5 Qe7 17. Nc6 Qd6 18. Nfe5 Bh6 19. Bf3 Bxc6 20. Bxe4 Bb7 21. Bf3 Bg7 22. Nc6 a6 23. b4 Ba8 24. Qc4 Rf7 25. Na7 Rb8 26. Qxa6 c6 27. b5 cxb5 28. Nxb5 Qd7 29. Nc3 Nxc3 30. Rxc3 Bxf3 31. gxf3 Qd5 32. Kg2 f4 33. e4 Qg5+ 34. Kh2 Qh4 35. Rc8+ Rf8 36. Rxf8+ Rxf8 37. Rd2 Qh5 38. Qe2 Re8 39. Qd3 Qg5 40. Qb3 Bf8 41. d5 exd5 42. Qxd5+ Qxd5 43. Rxd5 Rc8 44. Bd4 Bxa3 45. Bxb6 Bf8 46. Bd4 Rc7 47. h4 Kf7 48. Kh3 Rb7 49. h5 Be7 50. hxg6+ hxg6 51. Kg4 g5 52. Be5 Ke6 53. Bd4 Rb3 54. Re5+ Kf7 55. Rf5+ Ke6 56. Re5+ Kf7 57. Ra5 Rd3 58. Ra4 Rd1 59. Kf5 Rb1 60. Be5 Rb5 61. Ra7 Rc5 62. Rb7 Ra5 63. Rd7 Rb5 64. Rd5 Rb3 65. Rd7 Rb5 66. Rd5 Rb3 67. Rd7 Rb5 1/2-1/2


[Site "https://www.chess.com"]

[Event "Titled Tuesday Blitz November 15 Late 2022"]
[White "Mr_Penings"]
[Black "Svane, Rasmus"]
[BlackFideId "4657101"]
[WhiteElo "2680"]
[BlackElo "2674"]
[Result "0-1"]
[Round "07"]
[TimeControl "180+1"]
[Date "2022.11.15"]
[WhiteClock "0:00:08"]
[BlackClock "0:00:37"]

1. c4 e6 2. Nf3 d5 3. e3 Nf6 4. Nc3 dxc4 5. Bxc4 a6 6. a3 b5 7. Ba2 Bb7 8. b4 c5 9. bxc5 Bxc5 10. d4 Bd6 11. O-O O-O 12. Qe2 Nbd7 13. Rd1 Qc7 14. Bb2 Bxf3 15. gxf3 Bxh2+ 16. Kg2 Bd6 17. Rh1 Qb7 18. e4 e5 19. Nd5 Rae8 20. Qd2 exd4 21. Bxd4 Be5 22. Rag1 Bxd4 23. Qxd4 Nxd5 24. Bxd5 Qb6 25. Qb2 Qf6 26. Qd2 Nb6 27. Rh3 Nxd5 28. Qxd5 Re5 29. Qd7 Rg5+ 30. Rg3 Rxg3+ 31. Kxg3 Rd8 32. Qg4 g6 33. Kh3 Rd3 34. Kg2 h5 35. Qg3 Rxa3 36. Rc1 b4 37. Rc8+ Kg7 38. e5 Qf5 39. Re8 h4 40. Qxh4 Qxf3+ 41. Kh2 Qh5 42. Qxh5 gxh5 43. Rb8 a5 44. Rb7 Kg6 45. Kg2 Kf5 46. Rxf7+ Kxe5 47. Rh7 b3 48. Rxh5+ Kd4 49. Rb5 Kc3 50. f4 b2 0-1


[Site "https://www.chess.com"]

[Event "Titled Tuesday Blitz November 15 Late 2022"]
[White "Palencia Morales, Wilson Guillermo"]
[Black "Paravyan, David"]
[WhiteFideId "4401859"]
[BlackFideId "4194985"]
[WhiteElo "2160"]
[BlackElo "2546"]
[Result "0-1"]
[Round "07"]
[TimeControl "180+1"]
[Date "2022.11.16"]
[WhiteClock "0:00:59"]
[BlackClock "0:00:44"]

1. d4 d5 2. c4 e6 3. Nf3 Nf6 4. Nc3 Bb4 5. Bg5 h6 6. Bxf6 Qxf6 7. e3 O-O 8. Rc1 Nd7 9. a3 Bxc3+ 10. Rxc3 c6 11. Be2 Rd8 12. cxd5 exd5 13. O-O Qe7 14. b4 a6 15. Qb3 Nf6 16. Ne5 Ne4 17. Rc2 Bf5 18. Bd3 f6 19. Nf3 Bg4 20. Ne1 Nd6 21. a4 Be6 22. Nf3 Bf7 23. Nd2 Qd7 24. Rb1 b5 25. a5 Nc4 26. Qc3 h5 27. Nb3 h4 28. h3 Ra7 29. Nc5 Qe7 30. Re1 g5 31. e4 dxe4 32. Nxe4 f5 33. d5 fxe4 34. Bxe4 Qd6 35. dxc6 Re7 36. Rce2 Re5 37. c7 Rc8 38. Bh7+ Kxh7 39. Rxe5 Nxe5 40. Rxe5 Rxc7 41. Qe3 Qd1+ 42. Kh2 Qc1 43. Qd3+ Bg6 44. Qd6 Qf4+ 0-1


[Site "https://www.chess.com"]

[Event "Titled Tuesday Blitz November 15 Late 2022"]
[White "Pichot, Alan"]
[Black "Yoo, Christopher Woojin"]
[WhiteFideId "110973"]
[BlackFideId "30909694"]
[WhiteElo "2560"]
[BlackElo "2463"]
[Result "1-0"]
[Round "07"]
[TimeControl "180+1"]
[Date "2022.11.15"]
[WhiteClock "0:01:04"]
[BlackClock "0:00:16"]

1. Nf3 Nf6 2. e3 b6 3. b3 Bb7 4. Bb2 e6 5. Be2 Be7 6. O-O O-O 7. a4 a6 8. a5 b5 9. c4 b4 10. d4 c5 11. Nbd2 d6 12. Qc2 Nbd7 13. Rfd1 Qc7 14. Nf1 Rfe8 15. Ng3 Bf8 16. h3 e5 17. dxe5 dxe5 18. Rd2 e4 19. Nh4 g6 20. Rad1 Ne5 21. Qb1 Qe7 22. Nhf5 gxf5 23. Nxf5 Qe6 24. Nd6 Bxd6 25. Rxd6 Qf5 26. Rb6 Bc8 27. Qa1 Nfd7 28. Rbd6 f6 29. R1d5 Qg6 30. Qa4 Bb7 31. Rxd7 Bc6 32. Qxc6 Nxc6 33. Bh5 Qh6 34. Bf7+ Kh8 35. Rh5 Qxh5 36. Bxf6# 1-0


[Site "https://www.chess.com"]

[Event "Titled Tuesday Blitz November 15 Late 2022"]
[White "Pino Perez, Lazaro"]
[Black "Freile Martin, Javier"]
[WhiteFideId "3517055"]
[BlackFideId "3600165"]
[WhiteElo "2170"]
[BlackElo "2320"]
[Result "1-0"]
[Round "07"]
[TimeControl "180+1"]
[Date "2022.11.16"]
[WhiteClock "0:01:32"]
[BlackClock "0:00:30"]

1. d4 Nf6 2. Bf4 e6 3. e3 b6 4. Qf3 Nc6 5. Nc3 Bb7 6. O-O-O Rb8 7. e4 d5 8. exd5 Nxd5 9. Nxd5 exd5 10. Qg3 Rc8 11. Bb5 f6 12. Re1+ Kf7 13. Qh3 Nxd4 14. Nf3 Bd6 15. Bxd6 Nxb5 16. Qe6+ Kg6 1-0


[Site "https://www.chess.com"]

[Event "Titled Tuesday Blitz November 15 Late 2022"]
[White "Premnath, R."]
[Black "Ali Abdullahi, Farah"]
[WhiteFideId "5021928"]
[BlackFideId "16100212"]
[WhiteElo "2555"]
[BlackElo "2350"]
[Result "1-0"]
[Round "07"]
[TimeControl "180+1"]
[Date "2022.11.16"]
[WhiteClock "0:00:19"]
[BlackClock "0:00:46"]

1. d4 d5 2. c4 e6 3. Nf3 c5 4. cxd5 exd5 5. Nc3 Nc6 6. e3 Nf6 7. Be2 Be7 8. O-O O-O 9. b3 Re8 10. Bb2 a6 11. Rc1 cxd4 12. Nxd4 Bd6 13. h3 Bd7 14. Nf3 Be6 15. a3 Qd7 16. b4 Bxh3 17. gxh3 Qxh3 18. Nxd5 Re4 19. Nxf6+ gxf6 20. Qxd6 Rg4+ 21. Qg3 Rxg3+ 22. fxg3 Qxg3+ 23. Kh1 Qh3+ 24. Nh2 Ne5 25. Rxf6 Qxe3 26. Rg1+ Kf8 27. Rg2 Qe4 28. Rf1 Rc8 29. Nf3 Ng6 30. Ng5 Qh4+ 31. Kg1 Rc7 32. Ne6+ Ke7 33. Nxc7 Nf4 34. Rxf4 Qe1+ 35. Rf1 Qd2 36. Bf6+ Kd7 37. Bg4+ Kxc7 38. Rxd2 h5 39. Be5+ Kc6 40. Bf3+ Kb5 41. Rc1 b6 42. Bc6# 1-0


[Site "https://www.chess.com"]

[Event "Titled Tuesday Blitz November 15 Late 2022"]
[White "Przybylski, Wojciech"]
[Black "Torres Dominguez, David"]
[WhiteFideId "1117599"]
[BlackFideId "2220857"]
[WhiteElo "2221"]
[BlackElo "2037"]
[Result "0-1"]
[Round "07"]
[TimeControl "180+1"]
[Date "2022.11.16"]
[WhiteClock "0:00:01"]
[BlackClock "0:00:41"]

1. d4 e5 2. dxe5 d6 3. e4 dxe5 4. Qxd8+ Kxd8 5. Nc3 a6 6. Be3 Bd6 7. O-O-O Be6 8. Nf3 f6 9. Nd2 Ke7 10. Nd5+ Bxd5 11. exd5 Nd7 12. Ne4 h5 13. c4 b6 14. Bd3 Nh6 15. h3 Nf5 16. Nxd6 Nxd6 17. b3 a5 18. g4 hxg4 19. hxg4 Nc5 20. Bc2 g5 21. f3 Kf7 22. Kb2 Kg7 23. a3 Rxh1 24. Rxh1 Rh8 25. Rxh8 Kxh8 26. Kc3 Ncb7 27. b4 axb4+ 28. axb4 Kg7 29. c5 bxc5 30. bxc5 Nc8 31. Kc4 Kf7 32. Be4 Nd8 33. Bd2 Ke7 34. Ba5 c6 35. d6+ Ke8 36. Bg6+ Kd7 37. Bf5+ Ne6 38. Kb4 Na7 39. Kc4 Nb5 40. Bd8 Nd4 41. Bxf6 Nxf5 42. gxf5 Nf4 43. Bxe5 Nd5 44. f6 g4 0-1


[Site "https://www.chess.com"]

[Event "Titled Tuesday Blitz November 15 Late 2022"]
[White "Radovanovic, Dusan"]
[Black "Gerbelli Neto, Eduardo"]
[WhiteFideId "926868"]
[BlackFideId "2103281"]
[WhiteElo "2341"]
[BlackElo "2178"]
[Result "1-0"]
[Round "07"]
[TimeControl "180+1"]
[Date "2022.11.16"]
[WhiteClock "0:00:29"]
[BlackClock "0:00:10"]

1. e4 e5 2. Nf3 Nc6 3. Nc3 Nf6 4. Bb5 Bb4 5. O-O d6 6. Nd5 Ba5 7. d4 exd4 8. Bg5 Bd7 9. Bxf6 gxf6 10. Nxd4 Ne5 11. Bxd7+ Kxd7 12. f4 Ng6 13. Qg4+ Ke8 14. Qf5 Bb6 15. c3 c6 16. Nxf6+ Ke7 17. Kh1 Kf8 18. Rad1 Qe7 19. e5 Bd8 20. Rde1 dxe5 21. fxe5 Bc7 22. e6 Nf4 23. Rxf4 Bxf4 24. Qxf4 Rd8 25. Qh6# 1-0


[Site "https://www.chess.com"]